 Seeded DCSS version 0.30.1-11-g7821555f0a (webtiles) character file.

Game seed: 430007637681659361 (custom seed)

4 McKennaii the Conjurer (level 1, 14/14 HPs)
             Began as a Demigod Conjurer on Jan 16, 2024.
             Quit the game on level 2 of the Dungeon.
             The game lasted 00:00:31 (217 turns).

McKennaii the Conjurer (Demigod Conjurer)            Turns: 217, Time: 00:00:31

Health: 14/14      AC:  2    Str:  8    XL:     1   Next: 40%
Magic:  5/5        EV: 12    Int: 20    God:
Gold:   0          SH:  0    Dex: 12    Spells: 2/3 levels left

rFire   . . .        (no weapon)
rCold   . . .        (no shield)
rNeg    . . .        a - +0 robe
rPois   .            (no helmet)
rElec   .            (no cloak)
rCorr   .            (no gloves)
SInv    .            (no boots)
Will    .....        (no amulet)
Stlth   ++           (no ring)
HPRegen 0.22/turn    (no ring)
MPRegen 0.09/turn

%: no passive effects
@: no status effects
A: high MP 1, forlorn, divine attributes
a: no special abilities


You were on level 2 of the Dungeon.
You visited 1 branch of the dungeon, and saw 2 of its levels.

Inventory:

Armour
 a - a +0 robe (worn)
Scrolls
 c - a scroll of acquirement
Potions
 b - a potion of magic


   Skills:
 - Level 1.7 Dodging
 - Level 1.7 Stealth
 + Level 1.8 Spellcasting
 + Level 3.8 Conjurations


You had 2 spell levels left.
You knew the following spells:

 Your Spells              Type           Power      Damage    Failure   Level
a - Magic Dart            Conj           68%        1d6       3%          1

Your spell library contained the following spells:

 Spells                   Type           Power      Damage    Failure   Level
 Searing Ray              Conj           34%        2d5       4%          2
 Dazzling Flash           Conj/Hex       18%        N/A       22%         3
 Fulminant Prism          Conj/Hex       4%         3d5       58%         4
 Iskenderun's Mystic Bla  Conj/Tloc      9%         2d4       58%         4


Dungeon Overview and Level Annotations

Branches:
Dungeon (2/15)


Innate Abilities, Weirdness & Mutations

You have an increased reservoir of magic. (+10% MP)
You shall have no god before yourself.
Your divine heritage dramatically boosts your attributes as you level up.


Message History

A ball python comes into view.
Found 11 gold pieces.
A ball python is nearby!
A ball python is nearby!
A ball python is nearby!
A ball python is nearby!
(D) Dungeon
Where to? (? - help)
What level of the Dungeon? (default 1, ? - help)
There is a stone staircase leading down here.
You climb downwards.
There is a stone staircase leading up here.
A giant cockroach is nearby!
A giant cockroach is nearby!
The magic dart hits the giant cockroach.
The giant cockroach is almost dead.
The giant cockroach misses you.
The magic dart hits the giant cockroach.
You kill the giant cockroach!
You can't see any susceptible monsters within range! (Use Z to cast anyway.)
You see here a giant cockroach corpse.
Magic restored.
A ball python comes into view.
The magic dart hits the ball python.
The ball python is moderately wounded.
A ball python is nearby!
The magic dart hits the ball python.
The ball python is severely wounded.
A ball python is nearby!
The magic dart hits the ball python.
You kill the ball python!
You see here a ball python corpse.
c - 3 scrolls labelled CYEFEGG KASOI You can't see any susceptible monsters within range! (Use Z to cast anyway.)
Found a pair of gloves.
You can't see any susceptible monsters within range! (Use Z to cast anyway.) This is a scroll of acquirement!
Something appears at your feet! Something appears at your feet!
Are you sure you want to abandon this character and quit the game? (Confirm with "yes".)

## #.........
#. ..$....[
###. .......
###... .....
##...## ....
##..### #..
##..## #.#
#..## #@# ##.##
#.#######..#
####.........##
#....#########
####.# #.# #.#
#.# #.#


There were no monsters in sight!

Vanquished Creatures
  A giant cockroach (D:2)
  2 ball pythons
  2 bats (D:1)
5 creatures vanquished.

Notes
Turn   | Place    | Note
-------+----------+-------------------------------------------
     0 | D:1      | McKennaii the Demigod Conjurer began the quest for the Orb.
     0 | D:1      | Reached XP level 1. HP: 14/14 MP: 5/5
   215 | D:2      | Identified 3 scrolls of acquirement
   215 | D:2      | Acquired the +6 mace "Esadudgh" {flame, Fly Str+3 Dex+5}
   216 | D:2      | Acquired 837 gold pieces
   217 | D:2      | Quit the game

Illustrated notes

Levels and vault maps discovered:
D:1:      wander_arrival_chamber, layout_basic, kennysheep_boxes
D:2:      layout_rooms, dilly_ecumenical_altar_fadedgnrine, basic_altar,
          uniq_terence

Action                     || total
---------------------------++-------
   Cast: Magic Dart        ||     8
    Use: Scroll            ||     2
  Dodge: Dodged            ||     2
